 Dungeon Crawl Stone Soup version 0.27.1-34-g3ba077fa99 (webtiles) character file.

Game seed: 316634577952864621

347 Vylera the Slasher (level 6, -1/43 HPs)
             Began as a Djinni Gladiator on Jan 3, 2022.
             Splashed by a jelly's acid (4 damage)
             ... on level 5 of the Dungeon.
             The game lasted 00:07:12 (3794 turns).

Vylera the Slasher (Djinni Gladiator)               Turns: 3794, Time: 00:07:13

Health: -1/43      AC:  0    Str: 13    XL:     6   Next: 91%
Gold:   164        EV: 12    Int: 11    God:
                   SH:  0    Dex: 15

rFire    + + .     SeeInvis .   a - +0 long sword
rCold    x . .     Faith    .   (no shield)
rNeg     . . .     Spirit   .   b - +0 leather armour
rPois    ∞         Reflect  .   c - +0 helmet
rElec    .         Harm     .   l - +0 cloak
rCorr    .         Rampage  .   q - +2 pair of gloves
Will     +....                  (boots unavailable)
Stlth    +.........             (no amulet)
HPRegen  0.14/turn              w - ring of willpower
MPRegen  0.00/turn              (no ring)

@: corroded, flying
A: sickness immunity, fire resistance 2, cold vulnerability 1, float, innate
caster, hp casting, extra vitality 1
a: no special abilities


You were on level 5 of the Dungeon.
You visited 1 branch of the dungeon, and saw 5 of its levels.

You collected 164 gold pieces.

Inventory:

Hand Weapons
 a - a +0 long sword (weapon)
 n - a +0 hunting sling
Missiles
 d - 2 throwing nets (quivered)
 s - 2 curare-tipped darts
 t - 11 poisoned darts
Armour
 b - a +0 leather armour (worn)
 c - a +0 helmet (worn)
 l - a +0 cloak (worn)
 q - a +2 pair of gloves (worn)
Jewellery
 w - a ring of willpower (left hand)
Scrolls
 h - 2 scrolls of teleportation {unknown}
 i - 2 scrolls of enchant armour {unknown}
 k - 6 scrolls of identify {unknown}
 o - a scroll of torment {unknown}
 p - a scroll of fog {unknown}
 r - a scroll of immolation {unknown}
 u - 2 scrolls of amnesia {unknown}
 v - 2 scrolls of fear {unknown}
Potions
 e - a potion of brilliance {unknown}
 f - 2 potions of degeneration {unknown}
 g - a potion of invisibility {unknown}
 j - a potion of curing {unknown}
 m - 2 potions of mutation {unknown}


   Skills:
 - Level 2.0 Fighting
 * Level 5.4 Long Blades
 - Level 1.5 Throwing
 - Level 3.2 Dodging
 + Level 2.7 Spellcasting


You had 7 spell levels left.
You knew the following spells:

 Your Spells              Type           Power      Damage    Failure   Level
a - Beastly Appendage     Tmut           14%        N/A       11%         1
b - Call Imp              Summ           7%         N/A       17%         2
Your spell library was empty.

Dungeon Overview and Level Annotations

Branches:
Dungeon (5/15)
 Temple: D:4-7

Altars:
Elyvilon
Vehumet
Xom


Innate Abilities, Weirdness & Mutations

You are immune to sickness and miasma.
You are immune to poison.
Your flesh is very heat resistant. (rF++)
You are vulnerable to cold. (rC-)
You float through the air rather than walking.
You learn spells naturally, not from books.
Your magical power is your life essence.
You have superior vitality. (+4 HP)


Message History

The orc is moderately wounded.
The orc hits you but does no damage.
You hit the orc but do no damage.
The orc is moderately wounded.
The orc barely misses you.
You riposte.
You hit the orc.
The orc is heavily wounded.
You hit the orc.
The orc is severely wounded.
The orc barely misses you.
You hit the orc.
The orc is almost dead.
The orc barely misses you.
You slash the orc!
You kill the orc!
You hit the jelly. The acid corrodes you!
Your hands burn!
The jelly is moderately wounded.
The jelly hits you.
You are splashed with acid!
The jelly closely misses you.
You hit the jelly but do no damage.
Your hands burn!
The jelly is moderately wounded.
The jelly hits you but does no damage.
You hit the jelly but do no damage.
Your hands burn!
* * * LOW HITPOINT WARNING * * *
The jelly is moderately wounded.
The jelly hits you but does no damage.
You completely miss the jelly.
The jelly is moderately wounded.
The jelly hits you.
* * * LOW HITPOINT WARNING * * *
The acid corrodes you!
You are splashed with acid!
* * * LOW HITPOINT WARNING * * *
Unknown command.
Throw: 3 throwing nets
Press: ? - help, Q - select action, (/) - cycle Shift-Dir - straight line, f - jelly
Aim: a jelly (moderately wounded, 89% to hit)
You throw a throwing net. The throwing net hits the jelly.
The jelly is caught in the net!
The jelly is moderately wounded.
The jelly struggles against the net.
You hit the jelly but do no damage.
Your hands burn!
You die...

#)# #)# #.#
########.#######
#..............#
#..............#
#.........(....#
####.##J.......#
#.##@.......#
#.##........#
#############(###########
..............#
###############


You could see a jelly (caught).

Vanquished Creatures
  2 black bears (D:5)
  A jelly (D:5)
  Natasha (twice) (D:3)
  5 adders
  An adder skeleton (D:4)
  A worm (D:2)
  2 dart slugs (D:1)
  4 orcs (D:5)
  6 ball pythons
  2 endoplasms
  3 giant cockroaches
  9 hobgoblins
  4 jackals (D:2)
  2 quokkas
  3 bats
  5 frilled lizards
  2 goblins (D:4)
  4 kobolds
  A rat (D:2)
59 creatures vanquished.

Notes
Turn   | Place    | Note
-------+----------+-------------------------------------------
     0 | D:1      | Vylera the Djinni Gladiator began the quest for the Orb.
     0 | D:1      | Reached XP level 1. HP: 18/18 MP: 0/0
    85 | D:1      | Reached skill level 3 in Long Blades
   191 | D:1      | Reached XP level 2. HP: 23/23 MP: 0/0
   984 | D:2      | Reached skill level 1 in Spellcasting
   984 | D:2      | Reached XP level 3. HP: 26/28 MP: 0/0
   984 | D:2      | Learned a level 1 spell: Beastly Appendage
  1460 | D:2      | Found a faded altar of an unknown god.
  1751 | D:2      | Reached XP level 4. HP: 32/33 MP: 0/0
  2272 | D:3      | Noticed Natasha
  2278 | D:3      | Killed Natasha
  2281 | D:3      | Reached XP level 5. HP: 35/38 MP: 0/0
  2281 | D:3      | Learned a level 2 spell: Call Imp
  2337 | D:3      | Reached skill level 4 in Long Blades
  2500 | D:3      | Noticed Natasha
  2507 | D:3      | Killed Natasha
  3071 | D:4      | Found a shimmering altar of Xom.
  3075 | D:4      | Found a shimmering altar of Xom.
  3075 | D:4      | Found a shimmering altar of Xom.
  3075 | D:4      | Found a shimmering altar of Xom.
  3075 | D:4      | Found a shimmering altar of Xom.
  3077 | D:4      | Found a shimmering altar of Xom.
  3077 | D:4      | Found a shimmering altar of Xom.
  3077 | D:4      | Found a shimmering altar of Xom.
  3251 | D:4      | Found a white marble altar of Elyvilon.
  3363 | D:5      | Entered Level 5 of the Dungeon
  3383 | D:5      | Noticed a black bear
  3397 | D:5      | Killed a black bear
  3398 | D:5      | Reached skill level 5 in Long Blades
  3398 | D:5      | Reached XP level 6. HP: 29/43 MP: 0/0
  3745 | D:5      | Noticed a black bear
  3759 | D:5      | Killed a black bear
  3785 | D:5      | HP: 2/43 [acid (9)]
  3794 | D:5      | Splashed by a jelly's acid

Illustrated notes

Levels and vault maps discovered:
D:1:      minmay_arrival_jagged, layout_basic, kennysheep_minor_cross,
          minivault_5, minivault_14
D:2:      layout_loops_ring, hellmonk_ecumenical_altar_pennies_from_heaven
D:3:      layout_basic, nicolae_vehumet_altar_sigil, uniq_natasha
D:4:      layout_cave_pools, elyvilon_altar_1, xom_redecorated
D:5:      layout_basic

Skill      XL: |  1  2  3  4  5 |
---------------+----------------+-----
Long Blades    | 3 5 |  5.4
Spellcasting   | 1 2 |  2.7
Fighting       | |  2.0
Throwing       | |  1.5
Dodging        | |  3.2

Action                   |  1- 3 |  4- 6 || total
-------------------------+-------+-------++-------
Melee: Long sword        |    97 |   117 ||   214
Throw: Throwing net      |       |     1 ||     1
 Cast: Call Imp          |       |     1 ||     1
 Stab: Sleeping          |     2 |       ||     2
Armor: Leather armour    |    27 |    40 ||    67
Dodge: Dodged            |    87 |    97 ||   184
       Rpst.: Long sword |    22 |    18 ||    40
